 Dungeon Crawl Stone Soup version 0.23-a0-582-g1b4a0ca (webtiles) character file.

224 Lavandula the Cutter (level 6, -1/36 HPs)
             Began as a Halfling Enchanter on Dec 16, 2018.
             Slain by a water moccasin skeleton (7 damage)
             ... on level 6 of the Dungeon.
             The game lasted 00:05:21 (1131 turns).

Lavandula the Cutter (Halfling Enchanter)           Turns: 1131, Time: 00:05:21

Health: -1/36      AC:  5    Str:  9    XL:     6   Next: 20%
Magic:  1/8        EV: 15    Int: 15    God:
Gold:   135        SH:  0    Dex: 15    Spells: 2/8 levels left

rFire    . . .     SeeInvis .   a - +1 dagger
rCold    . . .     Gourm    .   (shield restricted)
rNeg     . . .     Faith    .   b - +0 robe
rPois    +         Spirit   .   (no helmet)
rElec    .         Reflect  .   (no cloak)
rCorr    .         Harm     .   i - +0 pair of gloves
MR       .....                  r - +1 pair of boots
Stlth    ++........             (no amulet)
HPRegen  0.12/turn              c - ring of poison resistance
MPRegen  0.11/turn              (no ring)

@: very slightly contaminated
A: small, mutation resistance 1
a: no special abilities


You were on level 6 of the Dungeon.
You were not hungry.

You visited 1 branch of the dungeon, and saw 7 of its levels.

You collected 135 gold pieces.

Inventory:

Hand Weapons
 a - a +1 dagger (weapon)
 k - a cursed +0 hunting sling
 l - a +0 falchion
 n - a +0 long sword
Armour
 b - a +0 robe (worn)
 i - a +0 pair of gloves (worn)
 r - a +1 pair of boots (worn)
Jewellery
 c - a ring of poison resistance (left hand)
Scrolls
 m - a scroll of noise
 p - 2 scrolls of remove curse
 t - a scroll of blinking {unknown}
Potions
 e - 2 potions of curing
 f - a potion of degeneration {unknown}
 g - 2 potions of heal wounds {unknown}
 h - a potion of flight {unknown}
 o - a potion of mutation {unknown}
 q - a potion of might {unknown}
Comestibles
 d - 6 rations
 s - a chunk of flesh


   Skills:
 - Level 5.1(5.9) Short Blades
 + Level 3.6(4.5) Long Blades
 - Level 2.1 Dodging
 - Level 3.2 Stealth
 - Level 1.5 Spellcasting
 - Level 2.4 Hexes


You had 2 spell levels left.
You knew the following spells:

 Your Spells              Type           Power        Failure   Level  Hunger
a - Corona                Hex            #......      9%          1    ##.....
b - Ensorcelled Hibernat  Hex/Ice        #.....       22%         2    ###....
c - Confuse               Hex            #.......     26%         3    ####...

Your spell library contained the following spells:

 Spells                   Type           Power        Failure   Level  Hunger
 Tukima's Dance           Hex            #.......     26%         3    ####...
 Dazzling Spray           Conj/Hex       #.....       38%         3    ####...


Dungeon Overview and Level Annotations

Branches:
Dungeon (7/15)
 Temple: D:4-7

Altars:
Kikubaaqudgha
Okawaru
Xom
Zin


Innate Abilities, Weirdness & Mutations

You are small and have problems with some larger weapons.
You are somewhat resistant to further mutation.


Message History

The water moccasin skeleton misses you.
You catch the helpless water moccasin skeleton completely off-guard!
You puncture the water moccasin skeleton!
The water moccasin skeleton is severely damaged.
You hit the water moccasin skeleton.
The water moccasin skeleton is severely damaged.
The water moccasin skeleton completely misses you.
You hit the water moccasin skeleton but do no damage.
The water moccasin skeleton is severely damaged.
The water moccasin skeleton barely misses you.
You hit the water moccasin skeleton.
The water moccasin skeleton is almost destroyed.
You barely miss the water moccasin skeleton.
The water moccasin skeleton is almost destroyed.
The water moccasin skeleton bites you.
* * * LOW HITPOINT WARNING * * *
You hit the water moccasin skeleton.
The water moccasin skeleton is almost destroyed.
The water moccasin skeleton bites you!
You die...

#.....## ...... #.
.#+#......###..# ..##.#
..............# ..#.#
.......[...#### #.#.#
............# ### #...# ##
..........#.# #.. #..####..
#......<.##.# #.# #...#...#
##......###Z## #.# ##.<..#
#....#####.@###.####....##
...###.................#.##
#.# ...#####.#....#.†....#
. . #......#.>....#
##.....#......#
##....#....### #....#....#
#....#...## #....#####


You could see a water moccasin skeleton (confused).

Vanquished Creatures
  A sky beast (D:5)
  Terence (D:3)
  An orc wizard (D:5)
  2 worker ants
  A worm (D:5)
  A dart slug (D:3)
  A leopard gecko (D:6)
  5 orcs
  A bat (D:1)
  A hobgoblin (D:3)
  6 jackals
  A quokka (D:5)
  A ball python (D:5)
  A frilled lizard (D:4)
  3 rats
27 creatures vanquished.

Notes
Turn   | Place    | Note
-------+----------+-------------------------------------------
     0 | D:1      | Lavandula the Halfling Enchanter began the quest for the
                  | Orb.
     0 | D:1      | Reached XP level 1. HP: 11/11 MP: 3/3
     6 | D:1      | Noticed a queen ant
     6 | D:1      | Noticed a tyrant leech
     6 | D:1      | Noticed a basilisk
     7 | D:1      | Noticed a centaur
   235 | D:3      | Found an ancient bone altar of Kikubaaqudgha.
   246 | D:3      | Reached skill level 2 in Short Blades
   349 | D:3      | Reached XP level 2. HP: 17/17 MP: 4/4
   358 | D:3      | Learned a level 2 spell: Ensorcelled Hibernation
   431 | D:3      | Found an iron altar of Okawaru.
   452 | D:3      | Found a glowing silver altar of Zin.
   453 | D:3      | Found a shimmering altar of Xom.
   453 | D:3      | Noticed an angel
   466 | D:3      | Noticed Terence
   476 | D:3      | Killed Terence
   476 | D:3      | Reached skill level 3 in Short Blades
   476 | D:3      | Reached XP level 3. HP: 18/21 MP: 2/5
   538 | D:5      | Entered Level 5 of the Dungeon
   538 | D:5      | Noticed a centaur
   549 | D:4      | Reached skill level 4 in Short Blades
   549 | D:4      | Reached XP level 4. HP: 27/27 MP: 1/6
   554 | D:4      | Learned a level 3 spell: Confuse
   705 | D:4      | Noticed a +0 dagger
   706 | D:4      | Noticed a +0 hand axe
   713 | D:5      | Reached skill level 5 in Short Blades
   747 | D:5      | Noticed a sky beast
   759 | D:5      | Killed a sky beast
   759 | D:5      | Reached XP level 5. HP: 31/31 MP: 1/7
   802 | D:5      | Reached XP level 6. HP: 34/36 MP: 5/8
  1048 | D:7      | Noticed a phantom
  1131 | D:6      | Slain by a water moccasin skeleton

Vault maps used:
D:1:      onia_arrival_zoo_common
D:2:      lemuel_round_altar, patterned_corridor, uniq_jessica
D:3:      lemuel_coloured_pillars_altar,
          grunt_temple_overflow_order_and_chaos_1, old_standard_altar,
          first_ration, uniq_terence, uniq_natasha
D:4:      kennysheep_big_flooded_room, dancing_weapons_uskayaw
D:5:      grunt_qazlal_clouds, bh_walls_and_bars
D:6:      kennysheep_mini, nicolae_tso_swordbearing_angel,
          minmay_temple_entry_drinking_statues, minmay_increasing_density
D:7:      uniq_menkaure, uniq_crazy_yiuf_cottage

Skill      XL: |  1  2  3  4 |
---------------+-------------+-----
Short Blades   | 2 3 4 5 |  5.1
Long Blades    | 3 |  3.6
Dodging        | |  2.1
Stealth        | |  3.2
Spellcasting   | |  1.5
Hexes          | |  2.4

Action                   |  1- 3 |  4- 6 || total
-------------------------+-------+-------++-------
Melee: Dagger            |    41 |    20 ||    61
       Falchion          |       |    39 ||    39
       Long sword        |       |     3 ||     3
 Cast: Ensorcelled Hiber |     3 |    10 ||    13
       Confuse           |       |     1 ||     1
       Corona            |       |     1 ||     1
  Use: Scroll            |       |     3 ||     3
       Potion            |       |     1 ||     1
 Stab: Sleeping          |     4 |     7 ||    11
       Confused          |       |     1 ||     1
  Eat: Chunk             |       |     2 ||     2
Armor: Robe              |     4 |    11 ||    15
Dodge: Dodged            |    27 |    55 ||    82
       Rpst.: Falchion   |       |     9 ||     9
       Long sword        |       |     1 ||     1

Table legend:
 A = Non-vault XP
 B = Vault XP
 C = Vault XP percentage of total XP
 D = Non-vault monster count
 E = Vault monster count
 F = Vault count percentage of total count
                 A         B        C        D         E       F
            +---------+---------+-------+---------+---------+-------
      Total |     283 |      37 |  11.6 |      25 |       2 |   7.4
            +---------+---------+-------+---------+---------+-------
        D:1 |       4 |       0 |   0.0 |       3 |       0 |   0.0
        D:3 |      11 |      36 |  76.6 |       5 |       1 |  16.7
        D:4 |      38 |       1 |   2.6 |       3 |       1 |  25.0
        D:5 |     227 |       0 |   0.0 |      13 |       0 |   0.0
        D:6 |       3 |       0 |   0.0 |       1 |       0 |   0.0
            +---------+---------+-------+---------+---------+-------
